 Dungeon Crawl Stone Soup version 0.28-a0-983-g1de4e0787c (webtiles) character file.

Game seed: 6963440282813273805

250 Decritt the Skirmisher (level 6, -1/40 HPs)
             Began as a Gargoyle Fighter on Dec 3, 2021.
             Slain by an ogre (27 damage)
             ... on level 4 of the Dungeon.
             The game lasted 00:03:46 (3063 turns).

Decritt the Skirmisher (Gargoyle Fighter)           Turns: 3063, Time: 00:03:47

Health: -1/40      AC: 13    Str: 22    XL:     6   Next: 13%
Magic:  6/6        EV:  8    Int:  8    God:
Gold:   114        SH:  5    Dex: 15    Spells: 5/5 levels left

rFire   + . .      SeeInvis .   a - +0 flail
rCold   . . .      Faith    .   c - +0 buckler
rNeg    + . .      Spirit   .   j - +0 chain mail
rPois   ∞          Reflect  .   (no helmet)
rElec   +          Harm     .   (no cloak)
rCorr   .          Rampage  .   (no gloves)
Will    .....                   (no boots)
Stlth   ..........              (no amulet)
HPRegen 0.13/turn               m - ring of protection from fire
MPRegen 0.10/turn               o - +6 ring of dexterity

@: no status effects
A: sickness immunity, AC +4, negative energy resistance 1, electricity
resistance, torment resistance 1, petrification resistance
a: no special abilities


You were on level 4 of the Dungeon.
You visited 1 branch of the dungeon, and saw 4 of its levels.

You collected 114 gold pieces.

Inventory:

Hand Weapons
 a - a +0 flail (weapon)
Missiles
 f - 28 poisoned darts (quivered)
 p - 3 javelins
Armour
 b - a +0 scale mail
 c - a +0 buckler (worn)
 j - a +0 chain mail (worn)
Jewellery
 m - a ring of protection from fire (left hand)
 o - a +6 ring of dexterity (right hand)
Scrolls
 h - 4 scrolls of identify {unknown}
 i - 2 scrolls of holy word {unknown}
 n - 2 scrolls of enchant weapon {unknown}
Potions
 d - a potion of might
 e - 3 potions of curing {unknown}
 g - a potion of magic {unknown}
 k - 2 potions of flight {unknown}
 l - 2 potions of heal wounds {unknown}
 q - 2 potions of berserk rage {unknown}
 r - a potion of invisibility {unknown}


   Skills:
 * Level 4.9 Fighting
 * Level 3.8 Maces & Flails
 + Level 4.2 Armour
 + Level 4.2 Shields


You had 5 spell levels left.
You didn't know any spells.
Your spell library contained the following spells:

 Spells                   Type           Power      Damage    Failure   Level
 Passage of Golubria      Tloc           0%         N/A       100%        4
 Silence                  Hex/Air        0%         N/A       100%        5
 Lehudib's Crystal Spear  Conj/Erth      0%         10d2      100%        8


Dungeon Overview and Level Annotations

Branches:
Dungeon (4/15)
 Temple: D:4-7

Altars:

Annotations:
D:3 3 runed translucent doors, makewrite's ghost, weakling MiGl


Innate Abilities, Weirdness & Mutations

You are immune to sickness and miasma.
Your stone body is resilient. (AC +4)
You are immune to poison.
You resist negative energy. (rN+)
You are resistant to electric shocks. (rElec)
You are resistant to unholy torment.
You are immune to petrification.


Message History

No target in view!
No target in view!
No target in view!
You see here the felid corpse of Natasha.
f - 33 poisoned darts (gained 1)
You see here the felid corpse of Natasha.
You feel yourself speed up.
Done exploring.
Done exploring.
There is a stone staircase leading down here.
You climb downwards.
The ogre shouts!
You hear an angry hiss.
Found a helmet.
Found a stone staircase leading up.
There is a stone staircase leading up here.
An ogre is nearby!
You throw a poisoned dart. The poisoned dart hits the ogre.
The ogre is poisoned.
You throw a poisoned dart. The poisoned dart hits the ogre.
The ogre looks even sicker.
The ogre is lightly wounded.
You throw a poisoned dart. The poisoned dart hits the ogre.
The ogre is lightly wounded.
You throw a poisoned dart. The poisoned dart hits the ogre.
The ogre is lightly wounded.
You throw a poisoned dart. The poisoned dart hits the ogre.
The ogre is lightly wounded.
You sock the ogre!
The ogre is heavily wounded.
The ogre barely misses you.
You hit the ogre.
The ogre is severely wounded.
The ogre hits you with a +0 giant spiked club!
You barely miss the ogre.
The ogre is severely wounded.
You block the ogre's attack.
You hit the ogre but do no damage.
The ogre is severely wounded.
The ogre hits you with a +0 giant spiked club!!
Ouch! That really hurt!
You die...

#..........#
#..........#
#..........#
#..........#
#.......[#
#........#
#..<....#
#...@...#
#...O...#
#....(...#
##...(....#
#...(......
#...(.......
#...........
#...........


You could see an ogre (poisoned).

Vanquished Creatures
  A phantom (D:3)
  Natasha (twice) (D:3)
  A gnoll (D:1)
  6 adders
  3 worms (D:3)
  2 dart slugs (D:1)
  7 bats
  4 endoplasms
  6 giant cockroaches
  4 goblins
  4 hobgoblins
  4 jackals (D:1)
  A quokka (D:1)
  4 ball pythons
  3 frilled lizards (D:3)
  3 kobolds
  2 rats
57 creatures vanquished.

Vanquished Creatures (others)
  5 toadstools (D:1)
5 creatures vanquished.

Grand Total: 62 creatures vanquished

Notes
Turn   | Place    | Note
-------+----------+-------------------------------------------
     0 | D:1      | Decritt the Gargoyle Fighter began the quest for the Orb.
     0 | D:1      | Reached XP level 1. HP: 14/14 MP: 1/1
   197 | D:1      | Reached XP level 2. HP: 19/19 MP: 2/2
   462 | D:1      | Reached XP level 3. HP: 23/24 MP: 3/3
  1209 | D:2      | Reached XP level 4. HP: 27/29 MP: 4/4
  2012 | D:3      | Found a runed translucent gate.
  2012 | D:3      | Found a runed translucent gate.
  2012 | D:3      | Found a runed translucent gate.
  2014 | D:3      | Noticed makewrite's ghost (weakling MiGl)
  2077 | D:3      | Noticed a phantom
  2091 | D:3      | Killed a phantom
  2092 | D:3      | Reached XP level 5. HP: 23/34 MP: 5/5
  2370 | D:3      | Found a faded altar of an unknown god.
  2835 | D:3      | Noticed Natasha
  2840 | D:3      | Killed Natasha
  2841 | D:3      | Reached XP level 6. HP: 40/40 MP: 6/6
  2939 | D:3      | Noticed Natasha
  2943 | D:3      | Killed Natasha
  3063 | D:4      | Slain by an ogre

Illustrated notes

Levels and vault maps discovered:
D:1:      ldierk_walled_garden, layout_loops_ring
D:2:      layout_basic
D:3:      layout_loops_ring, basic_ecumenical_altar, gammafunk_ghost_split,
          kennysheep_generic_room_11, uniq_natasha
D:4:      layout_cave_pods, good_gods_mini_temple, uniq_sigmund, uniq_eustachio,
          uniq_edmund, uniq_menkaure

Skill      XL: |  1  2  3  4 |
---------------+-------------+-----
Fighting       | 4 |  4.9
Maces & Flails | 3 |  3.8
Armour         | 4 |  4.2
Shields        | 4 |  4.2

Action                   |  1- 3 |  4- 6 || total
-------------------------+-------+-------++-------
Melee: Flail             |    67 |   103 ||   170
Throw: Dart              |    52 |    68 ||   120
Armor: Scale mail        |    46 |       ||    46
       Chain mail        |     5 |    57 ||    62
Dodge: Dodged            |    42 |    35 ||    77
Block: Buckler           |    15 |    20 ||    35

Table legend: (Time is in decaauts)
 A = Elapsed time spent in this place.
 B = Non-inter-level travel time spent in this place.
 C = Inter-level travel time spent in this place.
 D = Time resting spent in this place.
 E = Time spent auto-exploring this place.
 F = Levels seen in this place.
 G = Mean time per level.
                   A        B        C        D        E       F      G
               +--------+--------+--------+--------+--------+-----+--------+
         Total |   3113 |   3046 |     67 |      0 |   2510 |   4 |  778.2 |
       Dungeon |   3113 |   3046 |     67 |      0 |   2510 |   4 |  778.2 |
               +--------+--------+--------+--------+--------+-----+--------+

Top non-repeatable levels by time:
     D:2: 1117 daAuts
     D:3: 1109 daAuts
     D:1: 876 daAuts
     D:4: 9 daAuts
